[Event "December 5 Early 2023"]
[Site "https://www.chess.com"]
[Date "2023.12.05"]
[Round "7"]
[White "Tifferet, Shakked"]
[Black "Kozak, Antoni"]
[Result "0-1"]
[Board "55"]
[TimeControl "180+1"]
[WhiteFideId "2811529"]
[BlackFideId "21832030"]
[WhiteElo "2566"]
[BlackElo "2712"]
[WhiteTeam "ISR"]
[BlackTeam "POL"]
[WhiteClock "0:00:01"]
[BlackClock "0:00:08"]

1. e4 c5 2. Ne2 Nc6 3. g3 g6 4. Bg2 Bg7 5. O-O d6 6. c3 h5 7. h4 Bg4 8. f3 Bd7 9. d4 cxd4 10. cxd4 Qb6 11. Be3 Qxb2 12. Nbc3 Qa3 13. Rb1 Nf6 14. Rxb7 O-O 15. Bg5 Qa6 16. Rxd7 Nxd7 17. d5 Nb4 18. Bxe7 Rfe8 19. Bg5 Rec8 20. Qd2 Rab8 21. Bh3 Rc7 22. f4 Qd3 23. Qxd3 Nxd3 24. e5 dxe5 25. d6 Rcb7 26. f5 N7c5 27. Nd5 Rb2 28. Nec3 e4 29. fxg6 Bd4+ 30. Be3 Bxe3+ 31. Nxe3 fxg6 32. Ncd5 Rb1 33. d7 Rxf1+ 34. Nxf1 Ne5 35. Kf2 Ncxd7 36. Ke3 Rb1 37. Nd2 Re1+ 38. Kf4 Re2 39. Nxe4 Nd3+ 40. Kf3 Rxa2 41. Be6+ Kg7 42. Ke3 Ra3 43. Ndc3 N3e5 44. Kd4 Ra1 45. Kd5 a5 46. Kd6 a4 47. Bxd7 Nxd7 48. Kxd7 a3 49. Ke6 a2 50. Ke5 Kf7 51. Ng5+ Ke7 52. Nge4 Ke8 53. Ke6 Kf8 54. Ke5 Ke7 55. Nd5+ Kd7 56. Ndc3 Kc6 57. Nxa2 Rxa2 58. Kf6 Kd5 59. Ng5 Ra6+ 60. Kg7 Ke5 61. Nf7+ Kf5 62. Nh6+ Ke4 63. Nf7 Kf3 64. Ne5+ Kxg3 65. Nxg6 Kg4 66. Kh6 Kf5 67. Kxh5 Ra7 68. Nf8 Rf7 69. Kh6 Rxf8 70. Kg7 Ra8 71. h5 Ra7+ 72. Kh6 Ra1 73. Kg7 Rg1+ 74. Kf7 Rh1 75. h6 Rxh6 76. Kg7 Re6 77. Kf7 Re5 78. Kg7 Kg5 79. Kf7 Re4 80. Kf8 Kg6 0-1

[Event "December 5 Early 2023"]
[Site "https://www.chess.com"]
[Date "2023.12.05"]
[Round "7"]
[White "Arabidze, Meri"]
[Black "Thorfinnsson, Bjorn"]
[Result "1/2-1/2"]
[Board "56"]
[TimeControl "180+1"]
[WhiteFideId "13604040"]
[BlackFideId "2300982"]
[WhiteElo "2711"]
[BlackElo "2561"]
[WhiteTeam "GEO"]
[BlackTeam "ISL"]
[WhiteClock "0:00:06"]
[BlackClock "0:00:13"]

1. Nf3 d5 2. b3 c6 3. Bb2 Nf6 4. g3 Bf5 5. Bg2 e6 6. O-O h6 7. c4 Nbd7 8. Nc3 Bh7 9. d3 Be7 10. Re1 O-O 11. e4 dxe4 12. dxe4 Nc5 13. e5 Nfd7 14. Ba3 Nd3 15. Bxe7 Qxe7 16. Re3 N3c5 17. Nd4 Rfd8 18. Qg4 Nf8 19. Nce2 Qg5 20. Qf3 Nfd7 21. h4 Qe7 22. Qg4 Nf8 23. Rf1 Rd7 24. b4 Na6 25. a3 Rad8 26. b5 c5 27. Nb3 Nb8 28. Na5 b6 29. Nc6 Nxc6 30. bxc6 Rd2 31. Nf4 Qc7 32. Qf3 Ng6 33. Nxg6 Bxg6 34. h5 Bd3 35. Rc1 Bh7 36. g4 R2d4 37. Qg3 Bd3 38. g5 hxg5 39. Qxg5 Kh7 40. Rxd3 Rxd3 41. Be4+ Kh8 42. h6 f6 43. exf6 g6 44. Bxd3 Rxd3 45. Qxg6 Rd8 46. Qg7+ Qxg7+ 47. fxg7+ Kh7 48. Re1 Kxh6 49. c7 Rc8 50. g8=Q Rxg8+ 51. Kh2 Rc8 52. Rxe6+ Kg5 53. Rc6 Kf5 54. Kg2 Ke4 55. Kg3 Kd4 56. f4 Kxc4 57. f5 Kd5 58. Rg6 c4 59. f6 c3 60. f7 c2 61. Rg8 c1=Q 62. Rd8+ Ke6 63. f8=Q Qg5+ 64. Kf3 Qh5+ 65. Ke3 Qe5+ 66. Kf2 Qh2+ 67. Ke1 Qg1+ 68. Ke2 Qg2+ 69. Ke3 Qg3+ 70. Ke2 Qg2+ 71. Ke3 Qg3+ 72. Ke2 Qg2+ 1/2-1/2

[Event "December 5 Early 2023"]
[Site "https://www.chess.com"]
[Date "2023.12.05"]
[Round "7"]
[White "Yelisieiev, Yevhenii"]
[Black "Hambleton, Aman"]
[Result "0-1"]
[Board "57"]
[TimeControl "180+1"]
[WhiteFideId "14139642"]
[BlackFideId "2606577"]
[WhiteElo "2554"]
[BlackElo "2707"]
[WhiteTeam "GER"]
[BlackTeam "CAN"]
[WhiteClock "0:00:09"]
[BlackClock "0:00:06"]

1. d4 Nf6 2. Nf3 e6 3. c4 b6 4. a3 Bb7 5. Nc3 g6 6. g3 Bg7 7. Bg2 Ne4 8. Qc2 Nxc3 9. bxc3 d6 10. O-O Nd7 11. Ne1 Bxg2 12. Nxg2 O-O 13. h4 h5 14. Bg5 Qc8 15. Nf4 Re8 16. Rad1 Qa6 17. Qd3 Rab8 18. g4 hxg4 19. h5 Qa5 20. c5 bxc5 21. hxg6 Nf8 22. gxf7+ Kxf7 23. d5 c4 24. Qxc4 e5 25. Nh5 Qb5 26. Qxg4 Qd7 27. Qf3+ Kg6 28. Nxg7 Qxg7 29. Qg3 Kf7 30. f4 e4 31. f5 Nh7 32. Bh4 Qxg3+ 33. Bxg3 Rb3 34. Rc1 Nf6 35. Rfd1 Rg8 36. Kf2 Rg5 37. Bf4 Rxf5 38. e3 Nxd5 39. Rd4 Nxf4 40. exf4 Rxf4+ 41. Ke3 Rf3+ 42. Kxe4 Rfxc3 43. Rf1+ Ke6 44. Ra4 Rxa3 45. Rxa3 Rxa3 46. Kd4 Kd7 47. Kd5 Ra5+ 48. Kc4 Kc6 49. Kb4 Rb5+ 50. Ka4 a5 51. Rc1+ Rc5 52. Rh1 Kb6 53. Rh4 d5 54. Rh6+ c6 55. Rh8 Rc4+ 56. Ka3 Kc5 57. Ra8 Kd4 58. Rxa5 c5 59. Kb2 Rb4+ 60. Kc2 c4 61. Ra1 Rb8 62. Rh1 Rg8 63. Rh2 Kc5 64. Rh5 Rg2+ 65. Kc3 Rg3+ 66. Kc2 Re3 67. Kd2 Re4 68. Kc3 Rf4 69. Rg5 Rf3+ 70. Kc2 Kd4 71. Rg4+ Ke5 72. Rg5+ Ke4 73. Rg4+ Rf4 74. Rg8 d4 75. Re8+ Kf3 76. Kd2 Re4 77. Rf8+ Rf4 78. Rc8 d3 79. Re8 Re4 80. Rf8+ Kg4 81. Kc3 Kg5 82. Rf1 Rf4 83. Re1 Kf5 84. Re8 Re4 85. Rf8+ Ke5 86. Re8+ Kf4 87. Rh8 Kf3 88. Rh3+ Ke2 89. Rh2+ Kd1 90. Rh1+ Re1 91. Rh2 Kc1 92. Ra2 Kb1 93. Rb2+ Ka1 94. Rh2 Rc1+ 95. Kd4 Rc2 96. Rh1+ Kb2 97. Rh8 d2 98. Rb8+ Kc1 99. Ke3 d1=Q 100. Ra8 Re2+ 101. Kf4 Qf1+ 102. Kg3 Rg2+ 103. Kh3 Qh1# 0-1

[Event "December 5 Early 2023"]
[Site "https://www.chess.com"]
[Date "2023.12.05"]
[Round "7"]
[White "Csonka, Balazs"]
[Black "Silva Lucena, Cristian"]
[Result "1-0"]
[Board "58"]
[TimeControl "180+1"]
[WhiteFideId "742910"]
[BlackFideId "2232588"]
[WhiteElo "2704"]
[BlackElo "2548"]
[WhiteTeam "HUN"]
[BlackTeam "ESP"]
[WhiteClock "0:00:16"]
[BlackClock "0:00:57"]

1. e4 c5 2. Nf3 Nc6 3. Bb5 g6 4. Bxc6 bxc6 5. O-O Bg7 6. Re1 Nh6 7. h3 O-O 8. c3 d6 9. d4 cxd4 10. cxd4 f5 11. e5 d5 12. Nc3 e6 13. Bg5 Qe8 14. Na4 Nf7 15. Bf4 h6 16. h4 Qe7 17. Qd2 Kh7 18. Rac1 Bd7 19. Nc5 Be8 20. Rc3 Rg8 21. Rb3 Rc8 22. Ree3 Rc7 23. Rb8 Bf8 24. Reb3 g5 25. hxg5 hxg5 26. R3b7 gxf4 27. Rxe8 Qxe8 28. Rxc7 Bxc5 29. dxc5 Rg4 30. Qa5 Qg8 31. Kf1 Rxg2 32. Rxf7+ Qxf7 33. Kxg2 Qg6+ 34. Kf1 Qh5 35. Qxa7+ Kg6 36. Ke2 Qh1 37. Qe7 Qc1 38. Qf6+ Kh7 39. Ng5+ Kg8 40. Qf7+ Kh8 41. Qf8# 1-0

[Event "December 5 Early 2023"]
[Site "https://www.chess.com"]
[Date "2023.12.05"]
[Round "7"]
[White "Boyer, Mahel"]
[Black "Andreev, Konstantin"]
[Result "0-1"]
[Board "59"]
[TimeControl "180+1"]
[WhiteFideId "45102422"]
[BlackFideId "24239305"]
[WhiteElo "2701"]
[BlackElo "2538"]
[WhiteTeam "FRA"]
[BlackTeam "ITA"]
[WhiteClock "0:00:01"]
[BlackClock "0:00:29"]

1. e4 c5 2. d3 e6 3. g3 Nc6 4. Bg2 g6 5. f4 Bg7 6. Nf3 d6 7. O-O Nge7 8. c3 O-O 9. Be3 b5 10. d4 cxd4 11. cxd4 d5 12. e5 a5 13. Re1 b4 14. Nbd2 a4 15. Rc1 Qb6 16. Bf2 Ba6 17. Qxa4 Bc4 18. Qc2 Bb5 19. Qc5 Qb7 20. a3 Rfc8 21. axb4 Bf8 22. Nb3 Nf5 23. Qc2 Nxb4 24. Qd2 Nd3 25. Rxc8 Rxc8 26. Rb1 Bb4 27. Qd1 Nxf2 28. Kxf2 Ba4 29. Nc5 Rxc5 30. Qxa4 Rc4 31. Qe8+ Kg7 32. Bf1 Rc2+ 33. Kg1 Nxd4 34. Nxd4 Qb6 35. Rd1 Bc5 36. Qa4 Qxb2 37. h4 Rd2 38. Rxd2 Qxd2 39. Kh1 Bxd4 40. Qb3 Qf2 41. Qd1 Qg1# 0-1

[Event "December 5 Early 2023"]
[Site "https://www.chess.com"]
[Date "2023.12.05"]
[Round "7"]
[White "Volkov, Maksim"]
[Black "Bychkov, Vladimir"]
[Result "0-1"]
[Board "60"]
[TimeControl "180+1"]
[WhiteFideId "54123070"]
[BlackFideId "24151513"]
[WhiteElo "2700"]
[BlackElo "2466"]
[WhiteTeam "RUS"]
[BlackTeam "RUS"]
[WhiteClock "0:00:08"]
[BlackClock "0:00:10"]

1. e4 c6 2. d4 d5 3. exd5 cxd5 4. Bd3 Nc6 5. c3 Qc7 6. Na3 g6 7. Nb5 Qb8 8. Ne2 Bh6 9. Bxh6 Nxh6 10. Qd2 Nf5 11. Qf4 O-O 12. O-O a6 13. Na3 Qxf4 14. Nxf4 e6 15. Nc2 Nd6 16. Be2 Bd7 17. Nd3 b6 18. Rfe1 a5 19. Bf3 Rab8 20. h4 Kg7 21. g3 Bc8 22. Rab1 Ba6 23. Ne5 Nxe5 24. dxe5 Nc4 25. Be2 Ra8 26. Bxc4 Bxc4 27. Ra1 Rfc8 28. Red1 Ba6 29. Rd4 h6 30. Rad1 g5 31. Kg2 Kg6 32. Ne3 b5 33. a3 Rab8 34. Rh1 b4 35. cxb4 axb4 36. axb4 Rb6 37. f4 Rcb8 38. hxg5 hxg5 39. Nc2 Rc8 40. Ne3 Rcb8 41. Ra1 Bc8 42. Ra4 Bd7 43. Ra7 Be8 44. Nc2 Rc8 45. Rd2 Rc4 46. Re7 Ba4 47. Ne3 Rcxb4 48. Kh3 gxf4 49. gxf4 Rxf4 50. Rg2+ Kh7 51. Ng4 Rb3+ 52. Kh4 Rbb4 53. Kg5 Rf5+ 54. Kh4 Bd1 55. Kh3 Rh5+ 56. Kg3 Rxg4+ 57. Kf2 Rf5+ 58. Kg1 Rxg2+ 59. Kxg2 Bf3+ 60. Kg3 Be4 61. b4 d4 62. Rd7 d3 63. b5 Kg6 64. b6 Rxe5 65. Rd4 Kf5 66. Rb4 Bb7 67. Rd4 Rd5 68. Rf4+ Ke5 69. Rxf7 d2 70. Rxb7 d1=Q 71. Rf7 Rd3+ 72. Kh4 Qh1+ 73. Kg4 Qg2+ 74. Kh5 Rh3# 0-1

[Event "December 5 Early 2023"]
[Site "https://www.chess.com"]
[Date "2023.12.05"]
[Round "7"]
[White "Nigalidze, Gaioz"]
[Black "Filipovic, Slobodan J"]
[Result "1-0"]
[Board "61"]
[TimeControl "180+1"]
[WhiteFideId "13603078"]
[BlackFideId "939633"]
[WhiteElo "2694"]
[BlackElo "2464"]
[WhiteTeam "GEO"]
[BlackTeam "SRB"]
[WhiteClock "0:01:06"]
[BlackClock "0:00:14"]

1. e4 c5 2. Nf3 Nc6 3. Bb5 Nf6 4. Nc3 Qc7 5. O-O e6 6. d3 d6 7. a4 Bd7 8. Bg5 Be7 9. d4 cxd4 10. Nxd4 a6 11. Be2 h6 12. Bh4 g5 13. Bg3 Ne5 14. Nb3 Nc4 15. Ra2 Nxb2 16. Qd4 Rc8 17. Nd1 Nc4 18. Kh1 Ne5 19. Ne3 Qc3 20. Qb6 Bc6 21. Rd1 Nxe4 22. Na5 Nxg3+ 23. hxg3 Qc5 24. Qxc5 dxc5 25. Nxc6 Nxc6 26. Rb2 Rc7 27. Rdb1 Na5 28. Nc4 Nxc4 29. Bxc4 O-O 30. Rxb7 Rxb7 31. Rxb7 Bf6 32. Bxa6 Rd8 33. Bd3 c4 34. Bxc4 Rd1+ 35. Kh2 Rd2 36. Bd3 Rxf2 37. a5 Rd2 38. a6 Bd4 39. a7 Bxa7 40. Rxa7 Rf2 41. Kg1 Rd2 42. Ra1 Kg7 43. g4 Kf6 44. Rf1+ Ke7 45. Bh7 f6 46. Bd3 Kf7 47. Re1 Ke7 48. Bc4 Rxc2 49. Bxe6 Kd6 50. Bf5 Kd5 51. Rd1+ Ke5 52. Bxc2 Kf4 53. Rd6 Kg3 54. Rxf6 h5 55. gxh5 g4 56. h6 Kh4 57. h7 Kg5 58. h8=Q g3 59. Qg7+ 1-0

[Event "December 5 Early 2023"]
[Site "https://www.chess.com"]
[Date "2023.12.05"]
[Round "7"]
[White "Bluebaum, Matthias"]
[Black "Aaditya Dhingra"]
[Result "1-0"]
[Board "62"]
[TimeControl "180+1"]
[WhiteFideId "24651516"]
[BlackFideId "25678191"]
[WhiteElo "3020"]
[BlackElo "2580"]
[WhiteTeam "GER"]
[BlackTeam "IND"]
[WhiteClock "0:02:39"]
[BlackClock "0:00:50"]

1. d4 d5 2. c4 e6 3. Nc3 Be7 4. cxd5 exd5 5. Bf4 c6 6. e3 Nf6 7. Bd3 Bg4 8. f3 Bh5 9. Nge2 Nbd7 10. O-O Bg6 11. e4 O-O 12. e5 Ne8 13. Be3 Nc7 14. f4 Bxd3 15. Qxd3 f5 16. h3 Qe8 17. g4 Qg6 18. Ng3 Bb4 19. Nce2 fxg4 20. Qxg6 hxg6 21. hxg4 Rae8 22. a3 Be7 23. f5 Bh4 24. Kg2 c5 25. e6 cxd4 26. Bxd4 Nf6 27. Bc5 Bxg3 28. Nxg3 gxf5 29. gxf5 Nb5 30. Bxf8 Kxf8 31. Rad1 Ke7 32. Ne2 Rh8 33. Nf4 Kd6 34. Rfe1 Rh4 35. Kf3 Nc7 36. e7 Nce8 37. Re6+ Kd7 38. Nxd5 Nxd5 39. Rxd5+ Kc7 40. Rd8 1-0

[Event "December 5 Early 2023"]
[Site "https://www.chess.com"]
[Date "2023.12.05"]
[Round "7"]
[White "Malyi, Viacheslav"]
[Black "Baskakov, Egor"]
[Result "0-1"]
[Board "63"]
[TimeControl "180+1"]
[WhiteFideId "14123983"]
[BlackFideId "24197866"]
[WhiteElo "2579"]
[BlackElo "2884"]
[WhiteTeam "UKR"]
[BlackTeam "RUS"]
[WhiteClock "0:00:04"]
[BlackClock "0:00:09"]

1. e4 c5 2. Nf3 Nf6 3. Nc3 d5 4. exd5 Nxd5 5. d4 Nxc3 6. bxc3 g6 7. Be2 Bg7 8. Be3 O-O 9. O-O cxd4 10. cxd4 Nc6 11. c4 Bg4 12. Rb1 Bxf3 13. Bxf3 Nxd4 14. Bxd4 Bxd4 15. Rxb7 e5 16. Bd5 Rb8 17. Qb3 Rxb7 18. Qxb7 Qa5 19. Qb3 Qd2 20. g3 Kg7 21. a4 h5 22. Qd1 Qb2 23. Kg2 Rd8 24. Qb1 Rb8 25. Qe4 f5 26. Qf3 Rb3 27. Qd1 e4 28. c5 Rd3 29. Qc1 Qe2 30. Qf4 Qf3+ 31. Qxf3 Rxf3 32. c6 Rc3 33. Rb1 Rc2 34. c7 Bb6 35. c8=Q Rxc8 36. Rb2 Rc5 37. Bb3 Rc3 38. Bd5 Kf6 39. Ra2 Rc5 40. Bb7 g5 41. h3 Ke5 42. Ba8 f4 43. gxf4+ gxf4 44. Bb7 f3+ 45. Kg3 Bc7 46. Kh4 Kf4 47. a5 Bd8# 0-1

[Event "December 5 Early 2023"]
[Site "https://www.chess.com"]
[Date "2023.12.05"]
[Round "7"]
[White "Tologon tegin, Semetei"]
[Black "Shuvalova, Polina"]
[Result "0-1"]
[Board "64"]
[TimeControl "180+1"]
[WhiteFideId "13800574"]
[BlackFideId "24171760"]
[WhiteElo "2572"]
[BlackElo "2845"]
[WhiteTeam "KGZ"]
[BlackTeam "RUS"]
[WhiteClock "0:00:00"]
[BlackClock "0:00:56"]

1. Nf3 d5 2. e3 g6 3. d4 Bg7 4. c4 Nf6 5. Nc3 O-O 6. Qb3 dxc4 7. Bxc4 Nbd7 8. O-O c5 9. Rd1 a6 10. a4 Qc7 11. h3 cxd4 12. exd4 Nb6 13. Bf1 Be6 14. d5 Nfxd5 15. Nxd5 Nxd5 16. Rxd5 Qc6 17. Bc4 Rac8 18. Nd4 Bxd4 19. Rxd4 Bxc4 20. Qb4 e5 21. Rd6 Qc5 22. Qd2 Be6 23. b4 Qc2 24. Bb2 Qxd2 25. Rxd2 f6 26. Rd6 Rfe8 27. Rb6 Rc7 28. f4 exf4 29. Bxf6 Bd5 30. Rf1 Re2 31. Rf2 Rc1+ 0-1

[Event "December 5 Early 2023"]
[Site "https://www.chess.com"]
[Date "2023.12.05"]
[Round "7"]
[White "Skvortsov, Andrei"]
[Black "Manukyan, Sargis A."]
[Result "0-1"]
[Board "65"]
[TimeControl "180+1"]
[WhiteFideId "24108600"]
[BlackFideId "13303970"]
[WhiteElo "2777"]
[BlackElo "2576"]
[WhiteTeam "MNE"]
[BlackTeam "ARM"]
[WhiteClock "0:01:05"]
[BlackClock "0:00:12"]

1. f4 d5 2. Nf3 Nf6 3. g3 e6 4. Bg2 Be7 5. O-O O-O 6. d4 c5 7. e3 Nc6 8. Ne5 Bd7 9. c3 b5 10. Nd2 b4 11. Ndf3 bxc3 12. bxc3 cxd4 13. cxd4 Ne4 14. Nxd7 Qxd7 15. Ne5 Nxe5 16. fxe5 f5 17. exf6 Nxf6 18. Rb1 Rab8 19. Bd2 Rxb1 20. Qxb1 Qa4 21. Qb3 Qxb3 22. axb3 Rb8 23. Ra1 Rxb3 24. Rxa7 Rb1+ 25. Kf2 Bd6 26. Ke2 Rb2 27. Kd3 Ne4 28. Bxe4 dxe4+ 29. Kc3 Rb1 30. Ra6 Bf8 31. Rxe6 Rh1 32. Rxe4 Rxh2 33. Kd3 Kf7 34. Rf4+ Ke8 35. e4 h5 36. Rf3 Be7 37. e5 g5 38. Rf5 g4 39. d5 h4 40. gxh4 g3 41. Bf4 Rf2 42. Ke3 Rf1 43. Rh5 g2 44. Bh2 Rh1 45. Kf2 Rxh2 46. Kg1 Bc5+ 47. Kxh2 g1=Q+ 48. Kh3 Qf1+ 49. Kg4 Qe2+ 50. Kg5 Be3+ 51. Kg6 Qg4+ 0-1

[Event "December 5 Early 2023"]
[Site "https://www.chess.com"]
[Date "2023.12.05"]
[Round "7"]
[White "Novoselov, Roman"]
[Black "Starozhilov, Leonid"]
[Result "1-0"]
[Board "66"]
[TimeControl "180+1"]
[WhiteFideId "4135067"]
[BlackFideId "14106752"]
[WhiteElo "2570"]
[BlackElo "2754"]
[WhiteTeam "RUS"]
[BlackTeam "UKR"]
[WhiteClock "0:00:02"]
[BlackClock "0:00:00"]

1. d4 Nf6 2. Nc3 d5 3. Bg5 Nbd7 4. e3 c5 5. dxc5 e6 6. Nf3 Bxc5 7. Bd3 h6 8. Bh4 Be7 9. O-O O-O 10. Qe2 b6 11. e4 dxe4 12. Nxe4 Bb7 13. Rad1 Nxe4 14. Bxe4 Bxe4 15. Qxe4 Bxh4 16. Nxh4 Nf6 17. Qe2 Qc7 18. Nf3 Rfd8 19. c3 Qc5 20. h3 b5 21. a3 a5 22. Qe5 Qc4 23. Rd6 Nd5 24. Rd1 Qb3 25. Rd2 Rxd6 26. Qxd6 b4 27. cxb4 axb4 28. Nd4 Qc4 29. Kh2 bxa3 30. bxa3 Nf6 31. Qe5 Rxa3 32. Nf5 Ra8 33. Nxh6+ Kh7 34. Nxf7 Kg6 35. Nd6 Qh4 36. Rd4 Qh5 37. Qxe6 Rf8 38. Rg4+ Kh6 39. Nf5+ Kh7 40. Rxg7+ Kh8 41. Ng3 Qh6 42. Rf7 Rxf7 43. Qxf7 Ng4+ 44. Kg1 Qc1+ 45. Nf1 Nh6 46. Qf6+ Kh7 47. Qe7+ Kh8 48. Qe5+ Kh7 49. Qe4+ Kh8 50. Qe3 Qc6 51. g4 Nf7 52. Ng3 Qf6 53. Nf5 Ng5 54. h4 Ne6 55. Qh6+ Qxh6 56. Nxh6 Kg7 57. Nf5+ Kf6 58. Kh2 Ke5 59. Kg3 Nf4 60. Ne3 Ne2+ 61. Kf3 Nd4+ 62. Kg3 Ne2+ 63. Kh3 Kf4 64. g5 Kf3 65. h5 Nf4+ 66. Kh4 Kxf2 67. Nf5 Kf3 68. g6 Ke4 69. Kg5 Ke5 70. Ne3 Ne6+ 71. Kh6 Kf6 72. Ng4+ Ke7 73. g7 Kf7 74. Ne5+ Kg8 75. Kg6 Nxg7 76. h6 Kf8 77. h7 1-0

[Event "December 5 Early 2023"]
[Site "https://www.chess.com"]
[Date "2023.12.05"]
[Round "7"]
[White "Zou, Chen"]
[Black "Mendez Fortes, Eduardo Jesus"]
[Result "1-0"]
[Board "67"]
[TimeControl "180+1"]
[WhiteFideId "8610959"]
[BlackFideId "3502376"]
[WhiteElo "2734"]
[BlackElo "2567"]
[WhiteTeam "CHN"]
[BlackTeam "CUB"]
[WhiteClock "0:00:15"]
[BlackClock "0:00:04"]

1. Nf3 d5 2. d4 Nf6 3. Bf4 c5 4. e3 Nc6 5. Nbd2 Qb6 6. dxc5 Qxb2 7. Rb1 Qc3 8. Bb5 e6 9. O-O Be7 10. Nb3 O-O 11. Bxc6 bxc6 12. Qd3 Qb4 13. Ne5 Qa4 14. Qd4 Qa6 15. Qd3 Qa4 16. Qd4 Qa6 17. Qb4 Nd7 18. Nxd7 Bxd7 19. Bd6 Rfe8 20. a4 Bf6 21. Qa5 Qc8 22. Qd2 e5 23. c4 Be6 24. Na5 dxc4 25. Rfc1 Qa6 26. Qb4 e4 27. Nxc4 h5 28. h3 h4 29. Bf4 Bxc4 30. Rxc4 Rad8 31. Bd6 Be7 32. Rxe4 Bxd6 33. Rxe8+ Rxe8 34. cxd6 Qd3 35. Rc1 Rd8 36. Rxc6 Qd1+ 37. Kh2 Qd5 38. Qxh4 Re8 39. Qc4 Qe5+ 40. Qf4 Qd5 41. Rc7 Rd8 42. Rxa7 Rxd6 43. Rxf7 Rg6 44. Rf8+ Kh7 45. Qh4+ Rh6 46. Qd4 Qg5 47. Rf3 Qe7 48. Rg3 Rf6 49. f4 Re6 50. Qd3+ Kh8 51. a5 Qf6 52. Qf1 Ra6 53. Qb5 Re6 54. Qg5 Qf7 55. f5 Re5 56. Rf3 Kh7 57. Qh4+ Kg8 58. Qg4 Rxa5 59. Qf4 Ra8 60. e4 Re8 61. e5 Rf8 62. e6 Qe7 63. Qg4 Rf6 64. Rf4 Qd6 65. Qg3 Qe7 66. Rf3 Kh7 67. h4 Kg8 68. Rf4 Kh7 69. Qg5 Kg8 70. Kh3 Qd6 71. Rf3 Qe7 72. Qg4 Kh7 73. Qf4 Kg8 74. g4 Rf8 75. g5 Qc5 76. Qg4 Qc1 77. Qg2 Qc6 78. e7 Re8 79. f6 Qe6+ 80. Qg4 Qxg4+ 81. Kxg4 Kf7 82. g6+ Kxg6 83. f7 Rxe7 84. f8=Q Re4+ 85. Kg3 Re5 86. Qf4 Re1 87. Qg4+ Kh7 88. Qh5+ Kg8 89. Kh3 Rh1+ 90. Kg2 Re1 91. Qg5 Re2+ 92. Kg3 Re8 93. h5 Kh8 94. h6 Rg8 95. Kh3 Kh7 96. Rf7 Kh8 97. hxg7+ 1-0

[Event "December 5 Early 2023"]
[Site "https://www.chess.com"]
[Date "2023.12.05"]
[Round "7"]
[White "Kislinsky, Alexey"]
[Black "Vovk, Orest"]
[Result "1/2-1/2"]
[Board "68"]
[TimeControl "180+1"]
[WhiteFideId "14108801"]
[BlackFideId "14113490"]
[WhiteElo "2709"]
[BlackElo "2566"]
[WhiteTeam "CZE"]
[BlackTeam "UKR"]
[WhiteClock "0:00:41"]
[BlackClock "0:00:03"]

1. e4 g5 2. d4 g4 3. Nc3 Bg7 4. Be3 h5 5. h3 d6 6. Qd2 c6 7. Nge2 Qa5 8. a3 Nd7 9. Ng3 Nf8 10. b4 Qc7 11. hxg4 hxg4 12. Nh5 Rh7 13. Nxg7+ Rxg7 14. Be2 Bd7 15. d5 Nf6 16. Bd4 Rh7 17. O-O cxd5 18. Bxf6 exf6 19. Nxd5 Qd8 20. Qf4 Ng6 21. Qxf6 Be6 22. Qxd8+ Kxd8 23. Rfd1 Bxd5 24. Rxd5 Ke7 25. Bxg4 Ne5 26. Bh3 Rg8 27. Kf1 Nf3 28. Rad1 Ng5 29. Bf5 Rh1+ 30. Ke2 Rxd1 31. Rxd1 Ne6 32. g3 Rc8 33. Kd3 b5 34. Bxe6 Kxe6 35. Rh1 a5 36. Rh6+ f6 37. Rh5 axb4 38. axb4 Rb8 39. f4 Rb7 40. Rh8 Rg7 41. Kd4 Rxg3 42. Rh7 f5 43. Rh6+ Kd7 44. exf5 Rf3 45. Ke4 Rc3 46. Rh7+ Ke8 47. f6 Rxc2 48. Kf5 Rc4 49. Kg6 Rxf4 50. Rh8+ Kd7 51. f7 Ke6 52. Re8+ Kd5 53. f8=Q Rxf8 54. Rxf8 Kc4 55. Kf6 Kxb4 56. Ke6 Ka3 57. Kxd6 b4 58. Ra8+ Kb2 59. Kc5 b3 60. Kc4 Kc2 61. Rh8 b2 62. Rh2+ Kb1 63. Kc3 Ka1 64. Rh8 b1=Q 65. Ra8+ Qa2 66. Rxa2+ Kxa2 1/2-1/2

[Event "December 5 Early 2023"]
[Site "https://www.chess.com"]
[Date "2023.12.05"]
[Round "7"]
[White "Santos Flores, Alberto"]
[Black "Novozhilov, Semen"]
[Result "0-1"]
[Board "69"]
[TimeControl "180+1"]
[WhiteFideId "3601234"]
[BlackFideId "24289167"]
[WhiteElo "2559"]
[BlackElo "2705"]
[WhiteTeam "ECU"]
[BlackTeam "RUS"]
[WhiteClock "0:00:03"]
[BlackClock "0:01:39"]

1. e4 c5 2. Nf3 Nc6 3. Nc3 d6 4. d4 cxd4 5. Nxd4 Nf6 6. Bg5 e6 7. Bb5 Bd7 8. Bxc6 bxc6 9. Qf3 c5 10. Nb3 Be7 11. e5 dxe5 12. Bxf6 gxf6 13. O-O-O O-O 14. Ne4 Rc8 15. g4 c4 16. Nbc5 Rxc5 17. Nxc5 Bxc5 18. Qb7 Bc8 19. Qb5 Qb6 20. Qxc4 Bb7 21. g5 f5 22. Rhe1 Bd5 23. Rxd5 exd5 24. Qxd5 Rd8 25. Qf3 Bxf2 26. Rxe5 Qd4 27. Re7 Qd2+ 0-1

[Event "December 5 Early 2023"]
[Site "https://www.chess.com"]
[Date "2023.12.05"]
[Round "7"]
[White "Erzhanov, Arman"]
[Black "Karthik Rajaa"]
[Result "1/2-1/2"]
[Board "70"]
[TimeControl "180+1"]
[WhiteFideId "4138821"]
[BlackFideId "25035215"]
[WhiteElo "2552"]
[BlackElo "2703"]
[WhiteTeam "KAZ"]
[BlackTeam "IND"]
[WhiteClock "0:00:45"]
[BlackClock "0:00:15"]

1. e4 c6 2. d4 d5 3. exd5 cxd5 4. Bd3 Nc6 5. c3 Nf6 6. h3 e5 7. dxe5 Nxe5 8. Nf3 Nxd3+ 9. Qxd3 Bd6 10. O-O O-O 11. Bg5 h6 12. Bh4 g5 13. Bg3 g4 14. Bxd6 Qxd6 15. hxg4 Bxg4 16. Nfd2 Rfe8 17. Nf3 Qf4 18. Nbd2 Rad8 19. g3 Qf5 20. Qxf5 Bxf5 21. Nd4 Bd3 22. Rfe1 Ne4 23. N2f3 Nc5 24. Kg2 Be4 25. Kf1 Nd3 26. Re2 Bxf3 27. Nxf3 Rxe2 28. Kxe2 Nxb2 29. Rb1 Na4 30. Rxb7 Nxc3+ 31. Kd3 Ne4 32. Rxa7 Nxf2+ 33. Ke3 Ng4+ 34. Kd4 Re8 35. Kxd5 Re3 36. Nh4 Rxg3 37. Nf5 Ne3+ 38. Nxe3 Rxe3 39. a4 h5 40. Kd4 Re1 41. Ra5 Rh1 42. Rg5+ Kh7 43. a5 Kh6 44. Rf5 Kg6 45. Rf2 Ra1 46. Rg2+ Kh6 47. Rf2 Kg7 48. Rg2+ Kf8 49. Rg5 h4 50. Rh5 Kg7 51. Kc3 Kg6 52. Rxh4 Rxa5 53. Kd3 Re5 54. Kd4 f6 55. Rh1 Re8 56. Rg1+ Kf7 57. Rg3 f5 58. Re3 Rxe3 59. Kxe3 Kf6 60. Kf4 Ke6 61. Kf3 Ke5 62. Ke3 f4+ 63. Kf3 Kf5 64. Kf2 Ke4 65. Ke2 f3+ 66. Kf2 Kf4 67. Kf1 Kg3 68. Kg1 Kg4 69. Kf2 Kf4 70. Kf1 Ke4 71. Kf2 Kf4 1/2-1/2

[Event "December 5 Early 2023"]
[Site "https://www.chess.com"]
[Date "2023.12.05"]
[Round "7"]
[White "Saravana, Krishnan P."]
[Black "Makhnev, Denis"]
[Result "1-0"]
[Board "71"]
[TimeControl "180+1"]
[WhiteFideId "5018382"]
[BlackFideId "13707647"]
[WhiteElo "2549"]
[BlackElo "2683"]
[WhiteTeam "IND"]
[BlackTeam "KAZ"]
[WhiteClock "0:00:36"]
[BlackClock "0:00:00"]

1. e4 c6 2. Nf3 d5 3. exd5 cxd5 4. Ne5 Nc6 5. d4 Nf6 6. Bb5 Bd7 7. Nxd7 Qxd7 8. O-O e6 9. c3 Bd6 10. Nd2 O-O 11. Nf3 Ne4 12. Re1 Qc7 13. Bd3 f5 14. h3 Rae8 15. Be3 h6 16. Rc1 Qf7 17. b4 a6 18. a4 Qf6 19. b5 axb5 20. axb5 Na5 21. Ne5 Bxe5 22. dxe5 Qd8 23. Qa4 f4 24. Ba7 b6 25. Rxe4 dxe4 26. Qxe4 Rf5 27. Qd4 Qc7 28. Bxb6 Qxe5 29. Bxf5 Qxd4 30. cxd4 Nb3 31. Bg6 Rb8 32. Rc6 1-0

[Event "December 5 Early 2023"]
[Site "https://www.chess.com"]
[Date "2023.12.05"]
[Round "7"]
[White "Osmak, Yuliia"]
[Black "Goryachkina, Aleksandra"]
[Result "0-1"]
[Board "72"]
[TimeControl "180+1"]
[WhiteFideId "14101602"]
[BlackFideId "4147103"]
[WhiteElo "2546"]
[BlackElo "2666"]
[WhiteTeam "UKR"]
[BlackTeam "FID"]
[WhiteClock "0:00:00"]
[BlackClock "0:00:55"]

1. e4 c5 2. Nf3 e6 3. g3 Nc6 4. Bg2 Nf6 5. d3 d5 6. Qe2 Be7 7. O-O O-O 8. e5 Nd7 9. c4 d4 10. Nbd2 f6 11. exf6 Nxf6 12. Ne4 Kh8 13. Re1 e5 14. Bg5 Nxe4 15. Bxe7 Nxg3 16. Bxd8 Nxe2+ 17. Rxe2 Bg4 18. Rxe5 Bxf3 19. Rxc5 Bxg2 20. Kxg2 Raxd8 21. Re1 Nb4 22. Rc7 Nxd3 23. Rf1 b6 24. Rxa7 Nxb2 25. Rc7 d3 0-1